[Event "ICC tourney 2533 (25 5)"]
[Site "Internet Chess Club"]
[Date "2021.04.24"]
[Round "4"]
[White "XIONG, LANG:K09-16344675"]
[Black "MEI, AUSTIN R:K09-16090452"]
[Result "0-1"]
[ICCResult "White checkmated"]
[WhiteElo "1786"]
[BlackElo "2149"]
[Opening "Trompowsky attack (Ruth, Opocenský opening)"]
[ECO "A45"]
[NIC "QP.07"]
[Time "17:05:36"]
[PlyCount "50"]
[TimeControl "1500+5"]

1. d4 Nf6 2. Bg5 c5 3. Bxf6 gxf6 4. d5 Qb6 5. Qc1 Bh6 6. e3 f5 7. c4 d6 8.
Nc3 Nd7 9. Nf3 Ne5 10. Be2 Bd7 11. Qc2 Nxf3+ 12. Bxf3 O-O-O 13. a3 Kb8 14.
O-O f4 15. e4 Bg7 16. Rfb1 h5 17. b4 Rc8 18. bxc5 Qxc5 19. Qb3 b6 20. Be2
f3 21. gxf3 Rhg8 22. Kf1 Bd4 23. Ra2 Bxf2 24. Bd3 Rg1+ 25. Ke2 Qe3# { White
checkmated } 0-1

[Event "ICC tourney 2533 (25 5)"]
[Site "Internet Chess Club"]
[Date "2021.04.24"]
[Round "4"]
[White "ZOFFER, OSKAR:K09-16471866"]
[Black "MENDEL, ROWAN:K09-15291230"]
[Result "1-0"]
[ICCResult "Black checkmated"]
[WhiteElo "1680"]
[BlackElo "1132"]
[Opening "Pirc: classical (two knights) system"]
[ECO "B08"]
[NIC "PU.10"]
[Time "17:04:19"]
[PlyCount "75"]
[TimeControl "1500+5"]

1. e4 d6 2. d4 Nf6 3. Nc3 g6 4. Nf3 Bg7 5. Bc4 O-O 6. O-O c6 7. e5 Ng4 8.
h3 Nh6 9. Bf4 Qc7 10. exd6 exd6 11. Ne4 Qe7 12. Nxd6 Be6 13. Re1 b5 14.
Bxe6 fxe6 15. Be5 Bxe5 16. dxe5 Rd8 17. Qd2 Nd7 18. Qxh6 Nc5 19. b4 Na4 20.
Re4 Nc3 21. Rh4 Nd5 22. Ng5 Rd7 23. Ndf7 Qxf7 24. Nxf7 Rxf7 25. c4 bxc4 26.
Rxc4 Rc8 27. Rac1 Ne7 28. b5 Nf5 29. Qd2 Rb8 30. bxc6 Rc7 31. Qd7 Rxd7 32.
cxd7 Rd8 33. Rc8 Rxc8 34. dxc8=Q+ Kg7 35. Rc7+ Kh6 36. Qf8+ Kg5 37. Qf6+
Kf4 38. Rc4# { Black checkmated } 1-0

[Event "ICC tourney 2533 (25 5)"]
[Site "Internet Chess Club"]
[Date "2021.04.24"]
[Round "4"]
[White "GAO, JERRY:K09-16753890"]
[Black "SAMMONS, EVAN:K09-16792076"]
[Result "0-1"]
[ICCResult "White checkmated"]
[WhiteElo "877"]
[BlackElo "1832"]
[Opening "French: advance, Milner-Barry gambit"]
[ECO "C02"]
[NIC "FR.03"]
[Time "17:06:32"]
[PlyCount "124"]
[TimeControl "1500+5"]

1. e4 e6 2. d4 d5 3. e5 c5 4. c3 Nc6 5. Nf3 Qb6 6. Bd3 Bd7 7. Bc2 Nge7 8.
b3 Nf5 9. Bxf5 exf5 10. Be3 cxd4 11. cxd4 Bb4+ 12. Nbd2 Bc3 13. Rc1 Bxd4
14. Bxd4 Nxd4 15. Nxd4 Qxd4 16. Nf3 Qe4+ 17. Qe2 O-O 18. Rc2 Rac8 19. Qxe4
fxe4 20. Nd4 Rxc2 21. Nxc2 Re8 22. O-O Rxe5 23. Rd1 Bc6 24. Nd4 Re8 25. Kf1
g6 26. Ke2 f5 27. Ke3 Kf7 28. Kf4 Kf6 29. h4 h6 30. Ke3 Ke5 31. g3 g5 32.
f4+ exf3 33. Nxf3+ Kf6+ 34. Kf2 g4 35. Nd4 Re4 36. Rd2 Ke5 37. Nxc6+ bxc6
38. Rd3 c5 39. Kf1 d4 40. Kf2 Kd5 41. h5 Ke6 42. Kf1 Re3 43. Rxe3+ dxe3 44.
Ke2 Kf6 45. Kxe3 Kg5 46. Kf2 f4 47. Kg2 f3+ 48. Kf2 Kxh5 49. Kf1 Kg5 50.
Kf2 h5 51. Ke3 h4 52. gxh4+ Kxh4 53. Ke4 f2 54. Kd5 f1=Q 55. Kxc5 Qf2+ 56.
Kb4 Qxa2 57. Kc3 g3 58. b4 g2 59. b5 g1=Q 60. b6 Qe3+ 61. Kb4 Qb2+ 62. Kc4
Qbb3# { White checkmated } 0-1

[Event "ICC tourney 2533 (25 5)"]
[Site "Internet Chess Club"]
[Date "2021.04.24"]
[Round "4"]
[White "C JOURA, JOHN:K09-16650651"]
[Black "CHUGH, AARUSH:K09-14970943"]
[Result "0-1"]
[ICCResult "White checkmated"]
[WhiteElo "994"]
[BlackElo "1500"]
[Opening "Ruy Lopez: Anderssen variation"]
[ECO "C77"]
[NIC "RL.12"]
[Time "17:06:40"]
[PlyCount "114"]
[TimeControl "1500+5"]

1. e4 e5 2. Nf3 Nc6 3. Bb5 a6 4. Ba4 Nf6 5. d3 b5 6. Bb3 Bc5 7. Nc3 d6 8.
Bg5 Be6 9. Nd5 Bxd5 10. Bxd5 Qd7 11. Bxf6 gxf6 12. Qd2 O-O-O 13. c3 Ne7 14.
Bxf7 Qg4 15. Rg1 d5 16. exd5 Nxd5 17. Bxd5 Rxd5 18. O-O-O Rhd8 19. Qc2 Qd7
20. Rd2 Rxd3 21. Rxd3 Qxd3 22. Qxd3 Rxd3 23. Rf1 Kd7 24. Kc2 Rd6 25. Nd2 f5
26. c4 Bb4 27. Nb3 bxc4 28. Nc1 Rd2+ 29. Kb1 Bc5 30. f4 Bd4 31. fxe5 Rxb2+
32. Ka1 Rxg2+ 33. Kb1 Rb2+ 34. Ka1 Rxh2+ 35. Kb1 Rb2+ 36. Ka1 Rf2+ 37. Kb1
Rxf1 38. Kc2 Rxc1+ 39. Kxc1 Bxe5 40. Kc2 Ke6 41. a4 Kd5 42. a5 f4 43. Kd2
f3 44. Ke3 c3 45. Kxf3 c2 46. Ke2 c1=Q 47. Kd3 Qa3+ 48. Kc2 Kc4 49. Kd2 Qb3
50. Ke2 Qc3 51. Kf2 Qd3 52. Kg2 Qe3 53. Kh1 Qe2 54. Kg1 Bd4+ 55. Kh1 Be5
56. Kg1 h6 57. Kh1 Qh2# { White checkmated } 0-1

[Event "ICC tourney 2533 (25 5)"]
[Site "Internet Chess Club"]
[Date "2021.04.24"]
[Round "4"]
[White "PANDE, NAYONIKA:K09-16097936"]
[Black "J REEMALA, ANISH:K09-15202281"]
[Result "1-0"]
[ICCResult "Black resigns"]
[WhiteElo "1404"]
[BlackElo "615"]
[Opening "Dutch"]
[ECO "A80"]
[NIC "HD.12"]
[Time "17:04:51"]
[PlyCount "64"]
[TimeControl "1500+5"]

1. d4 f5 2. Bf4 Nf6 3. Bg5 e6 4. e3 g6 5. Nc3 Bg7 6. e4 fxe4 7. Nxe4 O-O 8.
Nxf6+ Bxf6 9. Bh6 Bg7 10. Bxg7 Kxg7 11. h4 Qf6 12. Nf3 b6 13. h5 Bb7 14.
hxg6 hxg6 15. Be2 Nc6 16. Qd2 Rh8 17. O-O-O Raf8 18. Rxh8 Rxh8 19. Qc3 Qf4+
20. Kb1 Na5 21. Ne5 Bc6 22. d5 exd5 23. Nxc6+ Qf6 24. Nxa5 bxa5 25. Qxc7
Qxf2 26. Qxd7+ Qf7 27. Qc6 Qf2 28. Bf3 d4 29. Qd7+ Kg8 30. Qe8+ Kg7 31.
Qe7+ Kg8 32. Bd5+ Qf7 { Black resigns } 1-0

[Event "ICC tourney 2533 (25 5)"]
[Site "Internet Chess Club"]
[Date "2021.04.24"]
[Round "4"]
[White "BINOY JANI, DEVEN:K09-16503178"]
[Black "VU, LEONARD:K09-15005368"]
[Result "0-1"]
[ICCResult "White checkmated"]
[WhiteElo "1185"]
[BlackElo "2000"]
[Opening "Sicilian: closed"]
[ECO "B23"]
[NIC "SI.44"]
[Time "17:07:06"]
[PlyCount "110"]
[TimeControl "1500+5"]

1. e4 c5 2. Nc3 e6 3. d4 cxd4 4. Qxd4 Nc6 5. Qd2 Nf6 6. b3 d5 7. exd5 exd5
8. Bb5 Bb4 9. Bxc6+ bxc6 10. Qe2+ Ne4 11. Bd2 Qf6 12. Nxe4 Qxa1+ 13. Qd1
Qxd1+ 14. Kxd1 Be7 15. Ng3 O-O 16. N1e2 Re8 17. Re1 Bf6 18. Nh5 Be5 19.
Neg3 Bg4+ 20. f3 Bxh5 21. Nxh5 Bxh2 22. Rh1 Bd6 23. Bc3 f6 24. g4 Re3 25.
Bb2 Rxf3 26. g5 Be5 27. Bc1 fxg5 28. Bxg5 Raf8 29. Bd2 g6 30. Re1 Bc3 31.
Bxc3 Rxc3 32. Rg1 Rf2 33. Ng3 Rcxc2 34. a4 Ra2 35. Ke1 Rfb2 36. Ne2 Ra1+
37. Kf2 Rxe2+ 38. Kxe2 Rxg1 39. Kd3 Rb1 40. Kc3 a5 41. Kc2 Rh1 42. Kd3 g5
43. Ke3 h5 44. Kf3 g4+ 45. Kg2 Rh3 46. Kf2 Rxb3 47. Kg2 Rb4 48. Kf2 Rxa4
49. Kg2 Ra3 50. Kh2 Rb3 51. Kh1 Rb2 52. Kg1 a4 53. Kf1 a3 54. Ke1 a2 55.
Kd1 a1=Q# { White checkmated } 0-1

[Event "ICC tourney 2533 (25 5)"]
[Site "Internet Chess Club"]
[Date "2021.04.24"]
[Round "4"]
[White "FRANKS, IAN:K09-15256952"]
[Black "SHRIGADI, ARYAN:K09-15491764"]
[Result "0-1"]
[ICCResult "White checkmated"]
[WhiteElo "820"]
[BlackElo "1454"]
[Opening "Queen's pawn game, Darooha variation "]
[ECO "D02"]
[NIC "QP.08"]
[Time "17:05:58"]
[PlyCount "134"]
[TimeControl "1500+5"]

1. d4 d5 2. Nf3 Nf6 3. g3 Bf5 4. c4 c6 5. b3 e6 6. Bg2 Nbd7 7. O-O Be7 8.
Nc3 O-O 9. h3 Rc8 10. Nh4 Bg6 11. Nxg6 fxg6 12. Re1 Qc7 13. e4 dxc4 14.
bxc4 e5 15. d5 cxd5 16. Nxd5 Nxd5 17. cxd5 Bc5 18. Be3 Bxe3 19. Rxe3 Qc2
20. Qxc2 Rxc2 21. Bf3 h5 22. Re2 Rxe2 23. Bxe2 Nc5 24. f3 g5 25. g4 g6 26.
d6 Rd8 27. Rd1 Kf7 28. Bc4+ Kf6 29. Kf2 Ne6 30. Kg3 Nd4 31. Rb1 b6 32. Kf2
Rxd6 33. Rc1 Rc6 34. a4 a6 35. Rb1 Rxc4 36. Rxb6+ Rc6 37. a5 Rxb6 38. axb6
Ke7 39. b7 Nc6 40. Ke3 Kd7 41. Kd3 Kc7 42. b8=Q+ Kxb8 43. Kc4 Kc7 44. Kc5
a5 45. Kb5 Kb7 46. Ka4 Kb6 47. Kb3 Kb5 48. Ka3 Kc4 49. Ka4 Kd4 50. Kb5 Ke3
51. Kxc6 a4 52. Kb5 a3 53. gxh5 gxh5 54. Kc5 a2 55. Kd5 a1=Q 56. Ke6 Kxf3
57. Kf5 Kg3 58. h4 Qf1+ 59. Kxg5 Qf4+ 60. Kg6 Qxe4+ 61. Kf6 Kxh4 62. Kg7
Qf5 63. Kh6 Qg4 64. Kh7 Kg3 65. Kh8 Kf4 66. Kh7 Kf5 67. Kh6 Qg6# { White
checkmated } 0-1

[Event "ICC tourney 2533 (25 5)"]
[Site "Internet Chess Club"]
[Date "2021.04.24"]
[Round "4"]
[White "MICHAEL JONES, RILEY:K09-16250692"]
[Black "JIANG, MATHEW:K09-15949698"]
[Result "1-0"]
[ICCResult "Black checkmated"]
[WhiteElo "940"]
[BlackElo "1822"]
[Opening "Scandinavian (center counter) defense"]
[ECO "B01"]
[NIC "SD.01"]
[Time "17:05:59"]
[PlyCount "79"]
[TimeControl "1500+5"]

1. e4 d5 2. exd5 Qxd5 3. Nc3 Qa5 4. Nf3 Nf6 5. Bc4 Bf5 6. d3 c6 7. O-O e6
8. Bd2 Qc7 9. Re1 Nbd7 10. Ne4 Be7 11. Bc3 O-O 12. Nxf6+ Nxf6 13. a4 Nd5
14. Be5 Bd6 15. Qe2 Bg4 16. Bxd6 Qxd6 17. Qe5 Qxe5 18. Rxe5 Bxf3 19. gxf3
Rad8 20. Bxd5 cxd5 21. a5 Rc8 22. c3 Rc6 23. f4 f6 24. Ree1 Re8 25. d4 Kf7
26. Kg2 Re7 27. Ra4 b6 28. axb6 Rxb6 29. f5 e5 30. b4 e4 31. Ra5 Rc7 32.
Rxd5 Rxc3 33. Rd7+ Kf8 34. Rxe4 Rxb4 35. Ree7 a5 36. Rf7+ Ke8 37. Rde7+ Kd8
38. Rxg7 Rxd4 39. Ra7 a4 40. Rg8# { Black checkmated } 1-0

[Event "ICC tourney 2533 (25 5)"]
[Site "Internet Chess Club"]
[Date "2021.04.24"]
[Round "4"]
[White "ELLIE WANG, YINGYUAN:K09-16257406"]
[Black "WANG, OLLI:K09-17042860"]
[Result "0-1"]
[ICCResult "White checkmated"]
[WhiteElo "507"]
[BlackElo "958"]
[Opening "Caro-Kann defense"]
[ECO "B12"]
[NIC "CK.02"]
[Time "17:06:34"]
[PlyCount "48"]
[TimeControl "1500+5"]

1. e4 c6 2. d4 d5 3. Bd3 dxe4 4. Bxe4 Nf6 5. Nc3 Nxe4 6. Nxe4 Bf5 7. Nc5 e6
8. Nf3 Bxc5 9. dxc5 Qxd1+ 10. Kxd1 Na6 11. Be3 O-O-O+ 12. Nd4 e5 13. c3
exd4 14. cxd4 Nxc5 15. b4 Ne6 16. Ke2 Nxd4+ 17. Ke1 Nc2+ 18. Ke2 Nxa1 19.
Rxa1 Bd3+ 20. Ke1 Rd7 21. Rc1 Re8 22. b5 Bxb5 23. Rc5 Red8 24. Rh5 Rd1# {
White checkmated } 0-1

[Event "ICC tourney 2533 (25 5)"]
[Site "Internet Chess Club"]
[Date "2021.04.24"]
[Round "4"]
[White "MADABUSHI, RAGHAVAN:K09-15400603"]
[Black "MAITI, VEDANT:K09-16844427"]
[Result "1-0"]
[ICCResult "Black resigns"]
[WhiteElo "1412"]
[BlackElo "628"]
[Opening "Queen's pawn game, Darooha variation "]
[ECO "D02"]
[NIC "QP.08"]
[Time "17:06:41"]
[PlyCount "95"]
[TimeControl "1500+5"]

1. d4 d5 2. Nf3 Nf6 3. g3 Bf5 4. Bg2 e6 5. O-O c5 6. Nbd2 Bd6 7. e3 O-O 8.
b3 Nc6 9. Bb2 Rc8 10. c4 b6 11. a3 Ne4 12. Rc1 Qf6 13. Nh4 cxd4 14. Nxf5
exf5 15. cxd5 Ne5 16. Bxd4 Nxd2 17. Qxd2 Bxa3 18. Rxc8 Rxc8 19. f4 Nc4 20.
bxc4 Qd6 21. Be5 Qc5 22. Qd4 Qxc4 23. Bxg7 Qxd4 24. Bxd4 Rd8 25. Ra1 Bc5
26. Bxc5 bxc5 27. Rxa7 Rc8 28. Ra3 Kf8 29. Rc3 Ke7 30. Bh3 Kf6 31. e4 Rd8
32. Bxf5 h6 33. Rxc5 Ke7 34. Rc7+ Kf6 35. Rc6+ Ke7 36. Kf2 Kf8 37. Rxh6 Kg7
38. Rc6 Rh8 39. h3 Rd8 40. Rc7 Kf8 41. Rc8 Ke7 42. Rxd8 Kxd8 43. h4 Ke7 44.
h5 Kf8 45. h6 Kg8 46. d6 Kf8 47. d7 Ke7 48. h7 { Black resigns } 1-0

[Event "ICC tourney 2533 (25 5)"]
[Site "Internet Chess Club"]
[Date "2021.04.24"]
[Round "4"]
[White "GUPTA, RANVIR:K09-16547074"]
[Black "ROLAND MOLNAR, MIHAI:K09-16645268"]
[Result "0-1"]
[ICCResult "White resigns"]
[WhiteElo "166"]
[BlackElo "1421"]
[Opening "Sicilian defense"]
[ECO "B20"]
[NIC "SI.48"]
[Time "17:05:56"]
[PlyCount "102"]
[TimeControl "1500+5"]

1. e4 c5 2. Bc4 g6 3. e5 Nc6 4. Nf3 Bg7 5. O-O Nxe5 6. Nxe5 Bxe5 7. Re1 Bg7
8. Nc3 Nf6 9. Bb3 O-O 10. d4 cxd4 11. Nb5 Qa5 12. Nxd4 Qc5 13. Be3 Qd6 14.
Nf3 Qxd1 15. Rexd1 d6 16. Bd4 Bf5 17. Nh4 Be4 18. Bxf6 Bxf6 19. Nf3 Bxb2
20. Rab1 Bg7 21. Bd5 Bxc2 22. Bxb7 Rab8 23. Bd5 Rxb1 24. Rxb1 Bxb1 25. Ng5
e6 26. Bf3 Rc8 27. g4 d5 28. Kg2 Bf6 29. Nh3 Be4 30. Bxe4 dxe4 31. g5 Be5
32. f4 exf3+ 33. Kxf3 Bxh2 34. Kg2 Be5 35. Nf2 Rc2 36. Kf3 Rxa2 37. Nd3 Ra3
38. Ke3 Bf4+ 39. Ke4 Bxg5 40. Ne5 a5 41. Nc6 a4 42. Nb4 Re3+ 43. Kd4 a3 44.
Nc2 a2 45. Kc4 Rg3 46. Kb5 Bf6 47. Kc6 a1=Q 48. Nxa1 Bxa1 49. Kd7 h5 50.
Ke7 h4 51. Kd6 h3 { White resigns } 0-1

[Event "ICC tourney 2533 (25 5)"]
[Site "Internet Chess Club"]
[Date "2021.04.24"]
[Round "4"]
[White "MYASNIKOV, YELIZAVETA:K09-16896083"]
[Black "PEDERSON, MASON:K09-16875620"]
[Result "0-1"]
[ICCResult "White checkmated"]
[WhiteElo "367"]
[BlackElo "913"]
[Opening "Caro-Kann: classical variation"]
[ECO "B18"]
[NIC "CK.10"]
[Time "17:05:58"]
[PlyCount "44"]
[TimeControl "1500+5"]

1. e4 c6 2. d4 d5 3. Nc3 dxe4 4. Nxe4 Bf5 5. f3 Nd7 6. Bf4 e6 7. Bc4 Ngf6
8. Qe2 Nb6 9. O-O-O Nxc4 10. Qxc4 Nxe4 11. fxe4 Bxe4 12. Ne2 Bxg2 13. Rhe1
Bd5 14. Qd3 Bd6 15. Qg3 Bxf4+ 16. Qxf4 O-O 17. Rg1 Bxa2 18. Qg4 g6 19. Nf4
Qf6 20. Rdf1 Qxd4 21. Qh3 Rad8 22. Nh5 Qd2# { White checkmated } 0-1

[Event "ICC tourney 2533 (25 5)"]
[Site "Internet Chess Club"]
[Date "2021.04.24"]
[Round "4"]
[White "MENON, GAURI:K09-15187152"]
[Black "MISHRA, ARYAN:K09-15817708"]
[Result "1-0"]
[ICCResult "Black checkmated"]
[WhiteElo "1960"]
[BlackElo "1356"]
[Opening "QGD"]
[ECO "D52"]
[NIC "QP.09"]
[Time "17:03:46"]
[PlyCount "83"]
[TimeControl "1500+5"]

1. Nf3 d5 2. c4 c6 3. d4 e6 4. Nc3 Nf6 5. Bg5 Nbd7 6. e3 Be7 7. Qc2 O-O 8.
Rd1 h6 9. Bh4 c5 10. Be2 b6 11. O-O Bb7 12. Bg3 Rc8 13. dxc5 bxc5 14. cxd5
exd5 15. Qb3 Nb6 16. Be5 Qd7 17. Bxf6 Bxf6 18. Ne4 Qe6 19. Nxf6+ Qxf6 20.
Rd2 Rfd8 21. Rfd1 Qg6 22. a4 d4 23. exd4 cxd4 24. a5 Na8 25. Qxb7 Qf6 26.
Rxd4 Rxd4 27. Qxc8+ Kh7 28. Nxd4 a6 29. Qxa6 Nc7 30. Qxf6 gxf6 31. a6 Nxa6
32. Bxa6 f5 33. b4 f4 34. b5 f3 35. gxf3 f5 36. b6 f4 37. b7 h5 38. b8=Q h4
39. Qb6 h3 40. Nc2 Kh8 41. Rd7 Kg8 42. Qb8# { Black checkmated } 1-0

[Event "ICC tourney 2533 (25 5)"]
[Site "Internet Chess Club"]
[Date "2021.04.24"]
[Round "4"]
[White "MURUGAN AYYAPPAN, AADARSINI:K09-16041583"]
[Black "SINGH, HERSH:K09-15024326"]
[Result "0-1"]
[ICCResult "White checkmated"]
[WhiteElo "1544"]
[BlackElo "2240"]
[Opening "Queen's pawn, Mason variation, Steinitz counter-gambit"]
[ECO "D00"]
[NIC "QP.08"]
[Time "17:05:58"]
[PlyCount "106"]
[TimeControl "1500+5"]

1. d4 d5 2. Bf4 c5 3. e3 Nc6 4. Nf3 Nf6 5. c3 Qb6 6. Na3 Bf5 7. Qb3 c4 8.
Qxb6 axb6 9. Nh4 Bd7 10. Nf3 h6 11. h3 Bf5 12. g4 Be4 13. Bg2 e6 14. O-O
Bxa3 15. bxa3 Rxa3 16. Rfc1 Ke7 17. Bc7 Nd7 18. Nh4 Bd3 19. Bf1 Bh7 20. Nf3
Rc8 21. Bg3 Rca8 22. g5 h5 23. Bh4 Bg6 24. Ne1 Rxa2 25. Rxa2 Rxa2 26. Ng2
b5 27. Nf4 Nf8 28. Nxg6+ Nxg6 29. Bg3 h4 30. Bc7 Kd7 31. Bb6 b4 32. cxb4
Nxb4 33. Bc5 Na6 34. Bb6 Kc6 35. Ba7 b5 36. Bg2 Kb7 37. Bc5 Nxc5 38. dxc5
Kc6 39. e4 Kxc5 40. exd5 exd5 41. Kf1 b4 42. Ke1 Nf4 43. Bf1 b3 44. Rb1 d4
45. Kd1 Rxf2 46. Bxc4 Kxc4 47. Kc1 Ne2+ 48. Kd1 Nc3+ 49. Ke1 Nxb1 50. Kxf2
d3 51. Ke1 d2+ 52. Kd1 Kd3 53. g6 Nc3# { White checkmated } 0-1

[Event "ICC tourney 2533 (25 5)"]
[Site "Internet Chess Club"]
[Date "2021.04.24"]
[Round "4"]
[White "TRAN, NUGEN:K09-16809941"]
[Black "BUTLER, BETTY:K09-17283280"]
[Result "0-1"]
[ICCResult "White resigns"]
[WhiteElo "1350"]
[BlackElo "357"]
[Opening "Nimzo-Indian: three knights variation"]
[ECO "E21"]
[NIC "NI.28"]
[Time "17:04:37"]
[PlyCount "86"]
[TimeControl "1500+5"]

1. d4 Nf6 2. c4 e6 3. Nf3 Bb4+ 4. Nc3 c5 5. e3 cxd4 6. exd4 d5 7. Qa4+ Nc6
8. Ne5 Bd7 9. Nxc6 Bxc3+ 10. bxc3 Bxc6 11. Qc2 dxc4 12. Bg5 h6 13. Bh4 O-O
14. f3 b5 15. Be2 g5 16. Bg3 Nd5 17. Qd2 b4 18. Bxc4 Nxc3 19. O-O Bd5 20.
Bb3 Bxb3 21. axb3 Qxd4+ 22. Qf2 Rfd8 23. Rae1 Qxf2+ 24. Kxf2 Rd2+ 25. Kg1
Rb2 26. f4 Ne2+ 27. Kh1 Nxg3+ 28. hxg3 Rxb3 29. fxg5 hxg5 30. Kh2 Kg7 31.
Re5 Kg6 32. Rc1 a5 33. Rcc5 a4 34. Rxg5+ Kf6 35. Rg4 a3 36. Rf4+ Kg6 37.
Rg4+ Kh6 38. Rh4+ Kg7 39. Rch5 a2 40. Rh7+ Kf6 41. Rf4+ Kg6 42. Rfxf7 a1=Q
43. Rhg7+ Qxg7 { White resigns } 0-1

[Event "ICC tourney 2533 (25 5)"]
[Site "Internet Chess Club"]
[Date "2021.04.24"]
[Round "4"]
[White "CHAMESH, AKUL:K09-16661211"]
[Black "KOTA, SAMEER:K09-16435967"]
[Result "1-0"]
[ICCResult "Black checkmated"]
[WhiteElo "916"]
[BlackElo "323"]
[Opening "two knights defense: Wilkes Barre (Traxler) variation"]
[ECO "C57"]
[NIC "KP.01"]
[Time "17:04:57"]
[PlyCount "85"]
[TimeControl "1500+5"]

1. e4 e5 2. Nf3 Nc6 3. Bc4 Nf6 4. Ng5 Bc5 5. Nxf7 Bxf2+ 6. Kf1 Qe7 7. Nxh8
Nd4 8. Nc3 Qf8 9. Nf7 d5 10. Nxd5 Nxd5 11. Bxd5 Be6 12. Bxe6 Nxe6 13. Kxf2
Qxf7+ 14. Qf3 Qg6 15. Ke1 Nd4 16. Qd3 Qxg2 17. Rf1 O-O-O 18. Rb1 Qxh2 19.
c3 Qh4+ 20. Kd1 Qg4+ 21. Ke1 Nf5 22. Qf3 Qh4+ 23. Qf2 Qxe4+ 24. Qe2 Qxb1
25. Kd1 Ng3 26. Qg4+ Nf5 27. Rxf5 b6 28. Rf8+ Kb7 29. Rxd8 Qxa2 30. Qe4+ c6
31. Qxe5 Qa4+ 32. Ke1 Qh4+ 33. Kd1 Qxd8 34. Qxg7+ Kb8 35. Qxh7 Qd6 36. d4
Qg3 37. Qf7 Qg1+ 38. Kc2 Qg2+ 39. Kb3 c5 40. Bf4+ Ka8 41. Qc7 Qb7 42. Qd8+
Qb8 43. Qxb8# { Black checkmated } 1-0

[Event "ICC tourney 2533 (25 5)"]
[Site "Internet Chess Club"]
[Date "2021.04.24"]
[Round "4"]
[White "NAVEEN, AARUSH:K09-16031675"]
[Black "BOWER, TEDDY:K09-16898513"]
[Result "1-0"]
[ICCResult "Black checkmated"]
[WhiteElo "1686"]
[BlackElo "849"]
[Opening "Giuoco Piano: Bernstein variation"]
[ECO "C54"]
[NIC "IG.02"]
[Time "17:04:56"]
[PlyCount "73"]
[TimeControl "1500+5"]

1. e4 e5 2. Nf3 Nc6 3. Bc4 Bc5 4. c3 Nf6 5. d4 exd4 6. cxd4 Bb4+ 7. Nc3
Nxe4 8. O-O Nxc3 9. bxc3 Bxc3 10. Qb3 d5 11. Bxd5 O-O 12. Bxf7+ Rxf7 13.
Qxc3 Kh8 14. Re1 Bg4 15. Ne5 Nxe5 16. dxe5 Qe7 17. Ba3 Qh4 18. Qe3 Re8 19.
f3 Be6 20. Qxa7 Bd5 21. Rad1 Bxf3 22. gxf3 Rxf3 23. Re2 Qh3 24. Bb2 Ref8
25. Rg2 Qh5 26. e6 Rg3 27. Qd4 Rxg2+ 28. Kxg2 Qe2+ 29. Kg1 Rg8 30. e7 Qxe7
31. Kh1 Qf7 32. Rg1 Qf3+ 33. Rg2 Qf1+ 34. Qg1 Qf3 35. Qa1 b5 36. Bxg7+ Rxg7
37. Qxg7# { Black checkmated } 1-0

[Event "ICC tourney 2533 (25 5)"]
[Site "Internet Chess Club"]
[Date "2021.04.24"]
[Round "4"]
[White "MENON, ROHAN:K09-17197867"]
[Black "KOTARU, ADITYA:K09-15453455"]
[Result "1-0"]
[ICCResult "Black checkmated"]
[WhiteElo "741"]
[BlackElo "1451"]
[Opening "Queen's pawn: English defense"]
[ECO "A40"]
[NIC "QO.17"]
[Time "17:13:48"]
[PlyCount "145"]
[TimeControl "1500+5"]

1. d4 b6 2. Nf3 Bb7 3. Bg5 h6 4. Bh4 Nf6 5. Bxf6 exf6 6. e3 g6 7. Bd3 Bg7
8. c3 f5 9. Nbd2 O-O 10. Qc2 d6 11. O-O-O a5 12. Rdg1 Ba6 13. g4 fxg4 14.
Rxg4 Bxd3 15. Qxd3 Qd7 16. Rgg1 b5 17. h4 b4 18. c4 Qa4 19. Qb3 Qxb3 20.
axb3 Nc6 21. h5 g5 22. Ne4 a4 23. bxa4 Rxa4 24. Kb1 Na5 25. Nfxg5 hxg5 26.
Rxg5 f6 27. Rg6 Kf7 28. Rhg1 Bh8 29. h6 Nb3 30. Kc2 Na5 31. h7 b3+ 32. Kd3
Nxc4 33. Rg8 d5 34. Rxf8+ Kxf8 35. Rg8+ Kf7 36. Rxh8 dxe4+ 37. Kc3 Kg7 38.
Rc8 Kxh7 39. Rxc7+ Kg6 40. Rxc4 Ra5 41. Kxb3 Rf5 42. d5 Rxd5 43. Rxe4 Rd2
44. f4 f5 45. Re6+ Kh5 46. Kc3 Rd8 47. Rf6 Kg4 48. b4 Kf3 49. Rxf5 Kxe3 50.
b5 Ke4 51. Rf7 Kd5 52. b6 Rb8 53. b7 Kc6 54. f5 Rxb7 55. Rxb7 Kxb7 56. Kd4
Kc8 57. Ke5 Kd8 58. Kf6 Kd7 59. Kg7 Ke8 60. f6 Kd7 61. f7 Ke7 62. f8=Q+ Ke6
63. Qf6+ Kd5 64. Qe7 Kd4 65. Kf6 Kd3 66. Kf5 Kd2 67. Kf4 Kd1 68. Kf3 Kc1
69. Qe2 Kb1 70. Ke3 Ka1 71. Kd3 Kb1 72. Kc3 Ka1 73. Qb2# { Black checkmated
} 1-0

[Event "ICC tourney 2533 (25 5)"]
[Site "Internet Chess Club"]
[Date "2021.04.24"]
[Round "4"]
[White "GARAG, SHASHANK:K09-17125451"]
[Black "TATINENI, AASHRITH:K09-16429723"]
[Result "0-1"]
[ICCResult "White resigns"]
[WhiteElo "712"]
[BlackElo "1398"]
[Opening "Giuoco Piano: Greco's attack"]
[ECO "C54"]
[NIC "IG.02"]
[Time "17:04:57"]
[PlyCount "90"]
[TimeControl "1500+5"]

1. e4 e5 2. Nf3 Nc6 3. Bc4 Bc5 4. c3 Nf6 5. d4 exd4 6. cxd4 Bb4+ 7. Nc3
Bxc3+ 8. bxc3 h6 9. e5 Ng8 10. O-O d6 11. d5 Nce7 12. Bf4 Ng6 13. Qd3 Nxf4
14. Qe3 Ng6 15. Qd4 dxe5 16. Nxe5 Nxe5 17. Qxe5+ Kf8 18. d6 Qxd6 19. Qe4
Qe7 20. Qd5 c6 21. Qd4 Be6 22. Rfe1 Qd7 23. Bxe6 Qxd4 24. cxd4 fxe6 25.
Rxe6 Re8 26. Re5 Rxe5 27. dxe5 Ne7 28. Re1 Nd5 29. e6 Ke7 30. g3 Rf8 31. f4
Rf6 32. Rb1 b6 33. Re1 Rxe6 34. Rxe6+ Kxe6 35. h4 Nc7 36. Kg2 Nb5 37. Kh3
Nd6 38. g4 Nf7 39. g5 hxg5 40. fxg5 g6 41. Kg4 c5 42. h5 gxh5+ 43. Kxh5 c4
44. Kg6 c3 45. Kg7 Nxg5 { White resigns } 0-1

[Event "ICC tourney 2533 (25 5)"]
[Site "Internet Chess Club"]
[Date "2021.04.24"]
[Round "4"]
[White "PRATHIK KARRA, KUNAL:K09-14744151"]
[Black "ZHU, JENNY:K09-15942700"]
[Result "0-1"]
[ICCResult "White resigns"]
[WhiteElo "1121"]
[BlackElo "1959"]
[Opening "QGD semi-Slav"]
[ECO "D43"]
[NIC "SL.03"]
[Time "17:04:17"]
[PlyCount "60"]
[TimeControl "1500+5"]

1. d4 d5 2. c4 c6 3. Nf3 Nf6 4. Nc3 e6 5. Bf4 dxc4 6. e3 b5 7. a4 Bb4 8.
Be2 Bb7 9. O-O a6 10. Na2 Be7 11. Nc3 O-O 12. h3 Nbd7 13. e4 Nb6 14. e5
Nfd5 15. Nxd5 Nxd5 16. Bh2 Qb6 17. Qc2 c5 18. Rfd1 cxd4 19. Nxd4 Bc5 20.
Qe4 Nc3 21. Qc2 Nxd1 22. Rxd1 Bxd4 23. Bg3 Rfd8 24. Rf1 Qc5 25. axb5 axb5
26. Qb1 Bxe5 27. Bxe5 Qxe5 28. Qc2 Qe4 29. Qxe4 Bxe4 30. Bg4 Ra2 { White
resigns } 0-1

[Event "ICC tourney 2533 (25 5)"]
[Site "Internet Chess Club"]
[Date "2021.04.24"]
[Round "4"]
[White "E DUROST, BENJAMIN:K09-17214574"]
[Black "R MEDINA, GAEL:K09-15685876"]
[Result "0-1"]
[ICCResult "White resigns"]
[WhiteElo "444"]
[BlackElo "1429"]
[Opening "Queen's pawn, Mason variation"]
[ECO "D00"]
[NIC "QP.08"]
[Time "17:04:20"]
[PlyCount "78"]
[TimeControl "1500+5"]

1. d4 d5 2. Bf4 Nf6 3. e3 e6 4. Nf3 c5 5. c3 Nc6 6. Nbd2 h6 7. h3 Bd6 8.
Ne5 Qc7 9. Ndf3 Nd7 10. Nxc6 bxc6 11. Bxd6 Qxd6 12. dxc5 Qxc5 13. Qd4 O-O
14. Be2 Re8 15. Qxc5 Nxc5 16. Ne5 Bb7 17. O-O f6 18. Nd3 Ba6 19. Nxc5 Bxe2
20. Rfe1 Bh5 21. e4 e5 22. f3 Rab8 23. b4 Bf7 24. a3 a5 25. Re2 axb4 26.
axb4 Ra8 27. Rea2 Rxa2 28. Rxa2 d4 29. Ra6 dxc3 30. Rxc6 c2 31. Nb7 Bb3 32.
Rc3 Ra8 33. Na5 Ba4 34. Kf2 Rb8 35. Nc6 Rb6 36. Ne7+ Kf7 37. Nd5 Rc6 38.
Ra3 c1=Q 39. Rxa4 Qc2+ { White resigns } 0-1